 Dungeon Crawl Stone Soup version 0.20.1-1-g8b1a95d (webtiles) character file.

3136 Irenicus the Martial Artist (level 9, -1/84 HPs)
             Began as an Octopode Chaos Knight on Oct 31, 2017.
             Shot with a sling bullet by Joseph (14 damage)
             ... on level 9 of the Dungeon.
             The game lasted 00:20:49 (5506 turns).

Irenicus the Martial Artist (Octopode Chaos Knight) Turns: 5506, Time: 00:20:51

Health: -1/84      AC: 24    Str: 13    XL:     9   Next: 92%
Magic:  9/9        EV:  2    Int: 17    God:    Xom [...*..]
Gold:   429        SH: 10    Dex: 14    Spells: 8/8 levels left

rFire    . . .     SeeInvis .     - Unarmed
rCold    . . .     Gourm    .   l - +0 buckler (curse)
rNeg     + + +     Faith    .   (helmet currently unavailable)
rPois    +         Spirit   .   h - +5 amulet of reflection
rElec    .         Reflect  +   b - ring of flight
rCorr    .         Harm     .   (no ring)
MR       .....     NoTele   +   (no ring)
Stlth    +.........             (no ring)
Regen    0.3/turn               (no ring)
MPRegen  0.2/turn               (no ring)
                                (no ring)
                                (no ring)

@: tree-form (expiring), very slightly contaminated, invisible
A: almost no armour, stealthy swim, (amphibious), 8 rings, (constrict 8), clever
1, strong 1, evolution 1
a: Renounce Religion


You were on level 9 of the Dungeon.
You worshipped Xom.
You were a favourite toy of Xom.
You were not hungry.
You were a tree.
You visited 2 branches of the dungeon, and saw 10 of its levels.
You also visited: Sewer.

You collected 429 gold pieces.

Inventory:

Armour
 l - a cursed +0 buckler (worn)
Jewellery
 b - a ring of flight (left branch)
 h - a +5 amulet of reflection (around neck)
 n - an uncursed ring of ice
Wands
 v - a wand of confusion (28/48)
 x - a wand of lightning (10/15)
 B - a wand of acid (3/15)
 D - a wand of disintegration (14/24)
Scrolls
 c - 13 scrolls of identify
 d - 2 scrolls of immolation {unknown}
 e - 2 scrolls of recharging {unknown}
 f - 8 scrolls of teleportation {unknown}
 g - 7 scrolls of blinking {unknown}
 j - 6 scrolls of remove curse {unknown}
 o - 2 scrolls of random uselessness {unknown}
 s - a scroll of fog {unknown}
 u - a scroll of enchant armour {unknown}
 w - a scroll of magic mapping {unknown}
 y - a scroll of noise {unknown}
 C - a scroll of fear {unknown}
Potions
 p - a potion of berserk rage
 q - 3 potions of agility
 r - 2 potions of haste
 z - a potion of lignification
Books
 A - a book of Flames

   Spells                             Type                      Level
   a - Flame Tongue                   Conjuration/Fire             1
   b - Throw Flame                    Conjuration/Fire             2
   c - Conjure Flame                  Conjuration/Fire             3
   d - Inner Flame                    Hexes/Fire                   3
   e - Sticky Flame                   Conjuration/Fire             4
   f - Fireball                       Conjuration/Fire             5
Miscellaneous
 E - a sack of spiders
Comestibles
 a - 8 bread rations
 i - 8 meat rations
 k - 4 fruits
 m - 4 royal jellies


   Skills:
 - Level 3.1 Fighting
 - Level 2.4 Dodging
 - Level 5.3 Shields
 + Level 12.4 Unarmed Combat


You had 8 spell levels left.
You didn't know any spells.

Dungeon Overview and Level Annotations

Branches:
Dungeon (9/15)             Temple (1/1) D:5
   Lair: D:8-11         Orc: D:9-12

Altars:
Ashenzari
Cheibriados
Dithmenos
Elyvilon
Fedhas
Gozag
Hepliaklqana
Kikubaaqudgha
Makhleb
Nemelex Xobeh
Okawaru
Qazlal
Ru
Sif Muna
Trog
Uskayaw
Vehumet
Xom
Yredelemnul
Zin
The Shining One

Shops:
D:7 ?

Annotations:
D:5 Caim's ghost, amateur FoFi; Duvessa
D:8 Jazqa's ghost, novice NaTm
D:9 exclusion: door, Erolcha; Joseph


Innate Abilities, Weirdness & Mutations

You cannot wear most types of armour.
You are very stealthy in the water. (Stealth+)
((You are amphibious.))
You can wear up to eight rings at the same time.
((You can use your tentacles to constrict eight enemies at once.))
((Your skin changes colour to match your surroundings (Stealth+).))
((Your rubbery body absorbs attacks. (AC +1, EV +1)))
((You are partially covered in slimy green scales. (AC +2)))
Your mind is acute. (Int +2)
Your muscles are strong. (Str +2)
You evolve.


Message History

You reflect the sling bullet off an invisible shield around you!
The sling bullet hits Joseph!!
Joseph shoots a sling bullet.
The sling bullet hits you but does no damage.
Joseph shoots a sling bullet.
The sling bullet hits you.
* * * LOW HITPOINT WARNING * * *
Joseph shoots a sling bullet.
You reflect the sling bullet off an invisible shield around you!
The sling bullet completely misses Joseph.
Joseph shoots a sling bullet.
The sling bullet hits you!
* * * LOW HITPOINT WARNING * * *
Xom's power touches on a nearby weapon.
Joseph's hunting sling is briefly surrounded by a scintillating aura of random colours.
Joseph shoots a sling bullet.
The sling bullet hits you.
* * * LOW HITPOINT WARNING * * *
Joseph shoots a sling bullet.
The sling bullet completely misses you.
Your transformation is almost over.
Joseph shoots a sling bullet.
The sling bullet hits you!
You die...
Xom chuckles heartily!

#.......# #.......#
#.......###### ## #
#............. .####'#
.........##### .......
.........# ......(
..###....# .....(.
..###....########..(....
...........(....♣.@.....
..............[.........
########################


You could see Joseph.

Vanquished Creatures
  The ghost of Frank the Carver, a novice OpFi of Gozag (D:7)
  A hippogriff (D:9)
  A hungry ghost (D:8)
  Purgy (Sewer)
  A sky beast (D:7)
  A black bear (D:8)
  2 ice beasts
  3 ogres
  2 phantoms
  4 scorpions
  4 killer bees (D:9)
  3 crimson imps (D:6)
  A bullfrog zombie (D:5)
  2 hounds
  A gnoll shaman (D:7)
  2 orc priests (D:4)
  A bullfrog skeleton (D:6)
  A centaur skeleton (D:6)
  3 orc wizards
  An iguana (D:8)
  6 worker ants
  Natasha (twice) (D:2)
  A howler monkey zombie (D:5)
  3 gnolls (D:7)
  A howler monkey skeleton (D:6)
  13 adders
  2 shadow imps
  An ooze (D:7)
  2 adder skeletons
  4 worms
  2 dart slugs
  3 leopard geckos
  15 orcs
  10 giant cockroaches
  6 goblins
  7 hobgoblins
  7 jackals
  3 quokkas
  5 ball pythons
  6 bats
  10 frilled lizards
  7 kobolds
  A leopard gecko skeleton (D:6)
  8 rats
161 creatures vanquished.

Vanquished Creatures (collateral kills)
  The ghost of arttle the Digger, an amateur GrEE (D:4)
  A killer bee (D:9)
  A hound (D:4)
3 creatures vanquished.

Vanquished Creatures (others)
  Natasha (D:2)
1 creature vanquished.

Grand Total: 165 creatures vanquished

Notes
Turn   | Place    | Note
-------+----------+-------------------------------------------
     0 | D:1      | Irenicus the Octopode Chaos Knight began the quest for the Orb.
     0 | D:1      | Reached XP level 1. HP: 16/16 MP: 1/1
    52 | D:1      | Reached XP level 2. HP: 20/21 MP: 2/2
   123 | D:1      | XOM: divination: detect items
   292 | D:1      | Reached XP level 3. HP: 21/26 MP: 3/3
   294 | D:1      | Reached skill level 4 in Unarmed Combat
   497 | D:2      | Noticed Natasha
   587 | D:2      | Killed Natasha
   587 | D:2      | Reached XP level 4. HP: 17/31 MP: 4/4
   587 | D:2      | XOM: noise
   589 | D:2      | Reached skill level 5 in Unarmed Combat
   596 | D:2      | Noticed Natasha
   605 | D:2      | Killed Natasha
   611 | D:2      | Noticed Natasha
   615 | D:2      | Killed Natasha
   615 | D:2      | XOM: divine lightning
   936 | D:2      | Reached XP level 5. HP: 36/36 MP: 5/5
   974 | D:2      | XOM: harmless Erth miscast
  1439 | D:3      | Found a glowing drain.
  1456 | Sewer    | Entered a sewer
  1502 | Sewer    | Noticed Purgy
  1521 | Sewer    | Killed Purgy
  1521 | Sewer    | Reached skill level 1 in Shields
  1521 | Sewer    | Reached skill level 6 in Unarmed Combat
  1521 | Sewer    | Reached XP level 6. HP: 14/42 MP: 6/6
  1802 | D:3      | Found a sacrificial altar of Ru.
  1964 | D:3      | XOM: mild Tmut miscast
  1971 | D:3      | Found a shimmering altar of Xom.
  2036 | D:4      | Noticed arttle's ghost (amateur GrEE)
  2038 | D:4      | XOM: summons friendly ufetubus
  2040 | D:4      | XOM: summons 5 friendly demons
  2048 | D:4      | Killed arttle's ghost
  2048 | D:4      | Reached skill level 7 in Unarmed Combat
  2146 | D:4      | Reached XP level 7. HP: 15/46 MP: 7/7
  2154 | D:4      | XOM: divination: detect items
  2158 | D:4      | XOM: summons 7 friendly demons
  2412 | D:4      | XOM: cleaving
  2694 | D:4      | XOM: give mutations
  2694 | D:4      | Gained mutation: You evolve. [Xom's grace]
  2694 | D:4      | Gained mutation: Your muscles are strong. (Str +2) [Xom's grace]
  2694 | D:4      | Gained mutation: Your mind is acute. (Int +2) [Xom's grace]
  2731 | D:4      | XOM: god gift: 53 gold pieces
  2747 | D:5      | Entered Level 5 of the Dungeon
  2751 | D:5      | XOM: scenery: 1 doors open
  2769 | D:5      | XOM: summons 4 friendly demons
  2788 | D:5      | Reached skill level 5 in Shields
  2793 | D:5      | Reached XP level 8. HP: 17/52 MP: 8/8
  2835 | D:5      | Found a staircase to the Ecumenical Temple.
  2839 | D:5      | Noticed Caim's ghost (amateur FoFi)
  2845 | Temple   | Entered the Ecumenical Temple
  2948 | Temple   | XOM: mild Erth miscast
  3137 | D:5      | Found a white marble altar of Elyvilon.
  3139 | D:5      | Found a shadowy altar of Dithmenos.
  3144 | D:5      | Found an opulent altar of Gozag.
  3246 | D:5      | Noticed Duvessa
  3281 | D:5      | XOM: divination: detect creatures
  3308 | D:5      | XOM: divination: detect creatures
  3335 | D:5      | XOM: silly message
  3341 | D:5      | XOM: silly message
  3342 | D:6      | XOM: noise
  3393 | D:6      | Reached skill level 8 in Unarmed Combat
  3433 | D:6      | Gained mutation: You are partially covered in slimy green scales. (AC +2) [evolution]
  3694 | D:6      | XOM: mild Tloc miscast
  3762 | D:6      | XOM: silly message
  3877 | D:6      | Reached skill level 9 in Unarmed Combat
  4150 | D:7      | XOM: noise
  4164 | D:7      | XOM: mild Pois miscast
  4172 | D:7      | Noticed Frank's ghost (novice OpFi)
  4179 | D:7      | XOM: swap monsters
  4226 | D:7      | Gained mutation: You are partially covered in yellow scales. (AC +2) [evolution]
  4273 | D:6      | XOM: noise
  4356 | D:7      | Found Naobi's Magic Scroll Shoppe.
  4358 | D:7      | XOM: chaos cloud
  4436 | D:7      | XOM: cast spell 'Ring of Flames'
  4443 | D:7      | Killed Frank's ghost
  4443 | D:7      | Reached skill level 10 in Unarmed Combat
  4443 | D:7      | Reached XP level 9. HP: 28/56 MP: 9/9
  4575 | D:7      | Reached skill level 11 in Unarmed Combat
  4592 | D:7      | XOM: give mutations
  4592 | D:7      | Gained mutation: Your muscles are very strong. (Str +4) [Xom's mischief]
  4592 | D:7      | Lost mutation: Your muscles are very strong. (Str +4) [Xom's mischief]
  4592 | D:7      | Lost mutation: You are partially covered in yellow scales. (AC +2) [Xom's mischief]
  4748 | D:8      | XOM: 2-stop teleportation journey
  4877 | D:8      | Found a stormy altar of Qazlal.
  4877 | D:8      | Noticed Jazqa's ghost (novice NaTm)
  5123 | D:9      | XOM: enchant monster (good)
  5134 | D:9      | Reached skill level 12 in Unarmed Combat
  5142 | D:9      | Noticed Erolcha
  5426 | D:9      | XOM: cast spell 'Shadow Creatures'
  5483 | D:9      | Noticed Joseph
  5495 | D:9      | XOM: noise
  5504 | D:9      | XOM: chaos upgrade
  5506 | D:9      | Shot with a sling bullet by Joseph

Skill      XL: |  1  2  3  4  5  6  7  8  9 |
---------------+----------------------------+-----
Unarmed Combat | 4 5 6 7 10 12 | 12.4
Shields        | 1 2 5 |  5.3
Fighting       | |  3.1
Dodging        | |  2.4

Action                   |  1- 3 |  4- 6 |  7- 9 || total
-------------------------+-------+-------+-------++-------
Melee: Unarmed           |    66 |   104 |   251 ||   421
       Constrict         |    16 |    20 |    47 ||    83
       Tentacles         |    15 |    17 |    60 ||    92
       Punch             |     2 |     3 |    15 ||    20
  Use: Potion            |       |     4 |     4 ||     8
       Scroll            |       |       |     3 ||     3
 Stab: Sleeping          |     1 |    12 |     8 ||    21
       Distracted        |       |     1 |     1 ||     2
       Paralysed         |       |     1 |       ||     1
       Petrified         |       |       |     4 ||     4
  Eat: Chunk             |       |     4 |    10 ||    14
       Fruit             |       |       |     1 ||     1
Armor: Skin              |    11 |     2 |    25 ||    38
Dodge: Dodged            |    50 |    53 |    80 ||   183
Block: Other             |     4 |    16 |       ||    20
       Reflection        |       |     1 |     7 ||     8
       Buckler           |       |     7 |    83 ||    90
